Map: Dreamcatcher LE

Players

ADG - Winner!

  • Race: Zerg Zerg
  • League: Diamond
  • Spawn Location: 11:00

Opti

  • Race: Terran Terran
  • Spawn Location: 5:00

VOD

Have the link to the VOD?

Description

Time

  • Played on: Sept. 13, 2018, 2:22 p.m.
  • Length: 16:36
Show
View Real Time Build Order
Export as new Build Order

ADG Zerg - Winner!

Build Orders: Hatch First 

Get SALT Encoding   

  12  0:01  Drone  
  13  0:12  Overlord  
  13  0:17  Drone  
  14  0:30  Drone x2  
  14  0:34  Drone  
  17  0:53  Hatchery  
  17  0:55  Drone  
  17  0:59  Drone  
  18  1:09  Extractor  
  17  1:15  Spawning Pool  
  17  1:18  Drone  
  17  1:21  Drone  
  18  1:28  Drone  
  19  1:40  Drone  
  20  2:00  Drone x2  
  22  2:05  Queen  
  22  2:07  Hatchery  
  23  2:12  Metabolic Boost  
  24  2:15  Zergling x2  
  24  2:20  Zergling x2  
  25  2:23  Zergling x2  
  25  2:29  Overlord  
  26  2:33  Drone  
  26  2:34  Drone  
  28  2:39  Overlord  
  28  2:47  Queen  
  28  2:51  Drone  
  31  2:52  Drone  
  31  2:56  Drone  
  33  3:01  Drone  
  33  3:04  Drone  
  35  3:09  Queen  
  35  3:11  Overlord  
  37  3:16  Zergling x2  
  37  3:19  Drone  
  39  3:20  Drone  
  39  3:26  Drone  
  41  3:27  Queen  
  42  3:34  Queen  
  44  3:44  Zergling x2  
  44  3:45  Zergling x8  
  49  3:52  Drone  
  49  3:53  Drone x4  
  53  4:10  Zergling x10  
  58  4:19  Overlord x2  
  53  4:37  Drone x7  
  59  4:41  Drone  
  59  4:42  Lair  
  59  4:44  Queen  
  62  4:46  Overlord  
  62  5:01  Drone x2  
  62  5:02  Drone x2  
  66  5:12  Queen  
  68  5:24  Drone x12  
  68  5:27  Hatchery  
  77  5:33  Zergling x6  
  73  5:40  Spine Crawler  
  70  5:47  Zergling x10  
  71  5:52  Extractor x2  
  71  5:53  Zergling x2  
  71  5:54  Zergling x2  
  68  6:03  Zergling x2  
  68  6:04  Zergling x2  
  71  6:15  Queen  
  71  6:20  Spine Crawler x2  
  63  6:41  Drone x8  
  70  6:52  Hatchery, Drone x2  
  69  6:57  Hydralisk Den  
  66  7:01  Drone  
  66  7:03  Drone, Queen  
  66  7:05  Queen  
  66  7:06  Extractor  
  71  7:12  Drone  
  70  7:26  Spine Crawler  
  70  7:27  Hatchery, Spine Crawler  
  70  7:28  Muscular Augments  
  70  7:29  Roach Warren  
  63  7:31  Drone x4  
  67  7:39  Queen  
  69  7:44  Overlord x2  
  69  7:46  Overseer  
  69  8:02  Queen  
  71  8:09  Roach x5  
  71  8:10  Hydralisk  
  80  8:14  Hydralisk x3  
  87  8:21  Overlord x3  
  87  8:33  Overlord  
  87  8:34  Spine Crawler x2  
  84  8:35  Glial Reconstitution  
  84  8:38  Spine Crawler  
  80  8:53  Roach x3  
  76  8:59  Zergling x6  
  71  9:06  Zergling x6  
  71  9:07  Zergling x2  
  73  9:11  Hatchery  
  73  9:13  Extractor x2  
  70  9:17  Ravager  
  70  9:18  Ravager x2  
  70  9:23  Drone x2  
  75  9:32  Drone x2  
  75  9:33  Roach x2  
  75  9:35  Hatchery, Roach  
  75  9:38  Hydralisk  
  82  9:40  Queen x2  
  82  9:41  Hydralisk  
  82  9:45  Grooved Spines  
  90  9:47  Evolution Chamber  
  89  9:53  Hydralisk  
  89  9:54  Hydralisk  
  93  10:00  Hydralisk  
  93  10:03  Hydralisk x2  
  99  10:10  Drone  
  100  10:14  Overlord  
  100  10:16  Overseer  
  100  10:22  Queen  
  100  10:23  Queen  
  100  10:24  Hydralisk  
  100  10:26  Overlord x2  
  100  10:27  Zerg Missile Weapons Level 1  
  106  10:34  Hydralisk  
  106  10:35  Hydralisk x3  
  114  10:40  Overlord  
  114  10:48  Drone x2  
  114  10:49  Drone x2  
  118  10:52  Drone  
  119  11:01  Roach x3  
  124  11:04  Ravager x3  
  124  11:15  Hydralisk  
  124  11:16  Hydralisk x4  
  134  11:29  Roach x4  
  135  11:46  Roach x5  
  140  11:49  Roach x2  
  140  11:51  Overlord x5  
  144  11:59  Overlord  
  144  12:10  Ravager x11  
  144  12:11  Ravager x2  
  144  12:14  Drone x2  
  159  12:16  Drone  
  159  12:17  Drone  
  159  12:18  Drone  
  159  12:19  Hatchery  
  161  12:25  Drone x4  
  161  12:28  Drone x2  
  161  12:29  Drone  
  168  12:33  Zerg Missile Weapons Level 2  
  168  12:35  Drone  
  168  12:36  Drone  
  170  12:38  Drone  
  170  12:39  Drone  
  170  12:42  Drone x2  
  170  12:43  Drone  
  175  12:46  Roach  
  175  12:47  Roach  
  174  12:55  Roach  
  174  12:56  Roach x5  
  174  12:58  Roach  
  185  12:59  Roach  
  185  13:02  Spine Crawler  
  181  13:10  Spine Crawler  
  181  13:11  Drone x6  
  168  13:28  Drone x9  
  168  13:33  Roach x3  
  183  13:40  Drone  
  184  13:45  Extractor  
  184  13:46  Queen  
  184  13:47  Extractor  
  184  13:51  Spine Crawler, Drone  
  184  13:52  Drone x4  
  184  13:54  Drone x4  
  186  14:06  Hydralisk  
  186  14:07  Hydralisk x5  
  186  14:12  Infestation Pit  
  185  14:17  Drone x3  
  185  14:18  Spire, Drone  
  185  14:19  Drone  
  185  14:21  Drone x2  
  185  14:22  Drone  
  192  14:26  Drone x4  
  192  14:29  Drone x2  
  198  14:33  Spine Crawler  
  197  14:46  Overlord  
  197  14:47  Overlord  
  197  14:48  Drone  
  176  15:24  Hydralisk  
  176  15:25  Hydralisk x22  
  176  15:26  Hydralisk x4  
  196  15:34  Zergling x18  
  191  15:37  Roach  
  191  15:38  Roach  
  195  15:44  Roach x2  
  195  15:45  Overlord  
Show
View Real Time Build Order
Export as new Build Order

Opti Terran 

Build Orders: Hellion Opening, Reaper Expand 

Get SALT Encoding   

  12  0:01  SCV  
  13  0:13  SCV  
  14  0:18  Supply Depot  
  14  0:25  SCV  
  14  0:27  Refinery  
  15  0:39  SCV  
  16  0:47  Barracks  
  16  0:51  SCV  
  17  1:03  SCV  
  18  1:15  SCV  
  19  1:34  Reaper  
  19  1:36  Orbital Command  
  20  1:51  Command Center  
  20  2:00  Factory  
  20  2:03  SCV  
  21  2:10  Barracks Reactor  
  21  2:15  Refinery, SCV  
  22  2:24  Supply Depot  
  22  2:28  SCV  
  23  2:46  SCV  
  23  2:49  Factory  
  24  2:56  Hellion  
  24  2:58  SCV  
  27  3:00  Barracks Reactor, Hellion  
  29  3:09  Orbital Command  
  29  3:19  SCV, Hellion  
  32  3:24  Hellion  
  33  3:55  Hellion  
  33  3:56  Cyclone x2, Hellion  
  37  4:15  SCV  
  36  4:17  SCV  
  36  4:18  Supply Depot  
  36  4:27  SCV  
  36  4:29  SCV  
  38  4:32  Hellion x3  
  44  4:39  Cyclone, SCV  
  44  4:41  SCV  
  49  4:49  Armory  
  47  4:54  Hellion x2  
  47  4:57  SCV  
  47  4:58  SCV  
  52  5:19  Hellion  
  54  5:33  Cyclone  
  53  5:48  Cyclone  
  54  5:53  Cyclone  
  54  6:09  Supply Depot x2  
  54  6:10  Cyclone, SCV x2  
  54  6:11  Hellion  
  61  6:26  Hellion  
  39  6:59  SCV  
  38  7:01  Cyclone x2  
  38  7:02  Orbital Command, Hellion x2  
  48  7:11  SCV  
  47  7:23  Cyclone, SCV  
  47  7:24  Hellion  
  53  7:30  SCV  
  53  7:34  Command Center, Hellion x2  
  53  7:35  SCV  
  59  7:38  Command Center  
  59  7:42  SCV  
  60  7:45  Refinery  
  60  7:46  Hellion  
  60  7:47  Refinery  
  62  7:55  SCV x2  
  62  7:56  Supply Depot  
  64  8:04  Supply Depot  
  64  8:07  SCV x2  
  66  8:19  Cyclone  
  69  8:22  SCV  
  78  8:31  Hellion x3  
  76  8:46  Factory  
  76  8:47  Factory  
  76  8:48  Factory  
  48  9:24  Hellion  
  48  9:25  Hellion x3  
  48  9:26  Terran Vehicle Weapons Level 1  
  48  9:27  Orbital Command  
  56  9:32  Factory Tech Lab x2  
  56  9:33  Factory Reactor  
  56  9:40  SCV x2  
  58  9:46  Hellion  
  58  9:47  Supply Depot  
  58  9:49  Engineering Bay  
  60  9:54  Infernal Pre-Igniter  
  60  10:01  SCV, Hellion  
  60  10:05  SCV x2  
  65  10:14  Siege Tank  
  68  10:18  SCV  
  68  10:20  SCV  
  70  10:26  Planetary Fortress  
  70  10:28  Orbital Command  
  70  10:30  SCV  
  71  10:36  Siege Tank  
  71  10:38  SCV  
  75  10:48  Siege Tank  
  78  10:51  Hellion  
  78  10:54  SCV  
  78  10:55  SCV  
  78  10:57  SCV  
  83  11:05  Refinery  
  83  11:06  SCV  
  83  11:10  Siege Tank  
  83  11:11  Refinery  
  87  11:17  Missile Turret  
  87  11:20  Siege Tank  
  81  11:42  Siege Tank  
  66  11:52  Siege Tank  
  66  11:53  Hellion x5  
  79  11:56  Cyclone  
  79  11:57  SCV  
  79  12:00  SCV  
  79  12:01  SCV  
  85  12:02  SCV  
  85  12:04  Terran Vehicle Weapons Level 2  
  85  12:07  Armory  
  86  12:10  Smart Servos  
  86  12:12  SCV  
  86  12:14  SCV  
  86  12:15  Siege Tank  
  91  12:17  Refinery  
  91  12:18  Refinery, SCV x2  
  93  12:24  Siege Tank  
  96  12:31  SCV x2  
  96  12:32  SCV  
  99  12:39  Hellion  
  99  12:41  Hellion  
  99  12:42  Hellion x4  
  111  12:48  SCV  
  112  12:52  Starport  
  112  12:53  Starport  
  112  12:54  Factory  
  112  12:55  Factory  
  112  13:00  SCV x3  
  112  13:01  SCV  
  116  13:24  Siege Tank x2  
  116  13:25  Hellion x2  
  116  13:26  Hellion  
  124  13:28  Hellion  
  124  13:34  Supply Depot x2  
  124  13:35  Supply Depot  
  124  13:43  Terran Vehicle And Ship Armor Level 1  
  124  13:44  Supply Depot x2  
  124  13:47  Starport Tech Lab  
  124  13:48  Starport Reactor  
  124  13:49  Factory Tech Lab  
  124  13:51  Factory Tech Lab  
  124  13:53  Starport  
  124  13:55  SCV x3  
  124  13:56  Hellion x3  
  119  14:14  Thor x3  
  119  14:16  Thor  
  143  14:25  Fusion Core  
  143  14:29  Viking  
  143  14:30  Viking  
  147  14:38  SCV x3  
  150  14:46  Supply Depot  
  150  14:48  Supply Depot  
  150  14:51  Liberator  
  150  14:52  Hellion x6  
  162  15:08  Siege Tank  
  111  15:32  Siege Tank x2, Hellion  
  111  15:33  Hellion x5  
  114  15:41  Viking x2  
  118  15:43  Hellion x2  
  118  15:49  SCV x2  
  122  16:02  Hellion x2  
  122  16:03  Hellion x2  
  136  16:04  Siege Tank x2  
Tags
 
Add a new tag
Caveats
  • Supply blocks, unpowered buildings, or Contaminate may cause inaccurate times.
  • Supply counts are checked every 10 seconds.